 Dungeon Crawl Stone Soup version 0.29.1-2-gbd0b4ee654 (webtiles) character file.

Game seed: 170798217798523006

116 hawla the Firebug (level 5, 0/38 HPs)
             Began as a Meteoran Fire Elementalist on Oct 24, 2022.
             Slain by an orc wizard
             ... wielding a +0 dagger
              (1 damage)
             ... on level 3 of the Dungeon on Oct 25, 2022.
             The game lasted 00:05:45 (1354 turns).

hawla the Firebug (Meteoran Fire Elementalist)      Turns: 1354, Time: 00:05:46

Health: 0/38       AC:  3    Str:  9    XL:     5   Next: 45%
Magic:  5/11       EV: 13    Int: 18    God:
Gold:   108        SH:  5    Dex: 15    Spells: 4/11 levels left

rFire   . . .      SeeInvis .   i - +0 quarterstaff (spect)
rCold   . . .      Faith    .   (shield currently unavailable)
rNeg    . . .      Spirit   .   a - +0 robe
rPois   .          Reflect  +   m - +0 hat
rElec   .          Harm     .   (no cloak)
rCorr   .          Rampage  .   e - +0 pair of gloves
Will    .....                   (no boots)
Stlth   +.........              g - amulet of reflection
HPRegen 0.12/turn               (no ring)
MPRegen 0.12/turn               (no ring)

@: glowing
A: sense surroundings 1, otherworldly, glowing, explore regen
a: no special abilities


You were on level 3 of the Dungeon.
You visited 1 branch of the dungeon, and saw 3 of its levels.

You collected 108 gold pieces.

Inventory:

Hand Weapons
 i - a +0 spectral quarterstaff (weapon)
Armour
 a - a +0 robe (worn)
 e - a +0 pair of gloves (worn)
 m - a +0 hat (worn)
Jewellery
 g - an amulet of reflection (around neck)
 o - an amulet of magic regeneration
 p - an amulet of the acrobat
Scrolls
 k - a scroll of enchant weapon {unknown}
 n - a scroll of amnesia {unknown}
Potions
 c - a potion of brilliance
 d - a potion of curing
 f - a potion of degeneration
 h - a potion of flight {unknown}
 j - a potion of might {unknown}
 l - a potion of attraction {unknown}
 q - a potion of heal wounds {unknown}


   Skills:
 - Level 0.1 Fighting
 - Level 1.1 Staves
 - Level 2.7 Dodging
 - Level 1.4 Stealth
 - Level 0.2 Shields
 - Level 3.7 Spellcasting
 + Level 2.1 Conjurations
 + Level 5.3 Fire Magic


You had 4 spell levels left.
You knew the following spells:

 Your Spells              Type           Power      Damage    Failure   Level
a - Foxfire               Conj/Fire      64%        2x1d7     3%          1
b - Scorch                Fire           44%        2d7       2%          2
c - Flame Wave            Conj/Fire      16%        2d7       32%         4

Your spell library contained the following spells:

 Spells                   Type           Power      Damage    Failure   Level
 Conjure Flame            Conj/Fire      16%        6-21      10%         3
 Inner Flame              Hex/Fire       13%        N/A       16%         3
 Call Canine Familiar     Summ           3%         N/A       41%         3
 Portal Projectile        Hex/Tloc       6%         N/A       41%         3
 Leda's Liquefaction      Hex/Erth       1%         N/A       83%         4


Dungeon Overview and Level Annotations

Branches:
Dungeon (3/15) Zot: 442

Altars:
Vehumet

Shops:
D:1 :


Innate Abilities, Weirdness & Mutations

You passively map a small area around you.
You are easily found by Zot.
You glow in the dark.
You regain HP and MP as you explore.


Message History

Casting: Scorch (safe; 2% risk of failure)
Confirm with . or Enter, or press ? or * to list all spells.
You conjure some foxfire!
The orc priest invokes the aid of Beogh against you.
Beogh smites you!
* * * LOW HITPOINT WARNING * * *
Magic courses through your body.
The foxfire hits the orc but does no damage.
The orc is heavily wounded.
The foxfire hits the orc.
The orc is burned terribly!
You kill the orc!
It was a potion of curing.
You feel better.
Casting: Foxfire (safe; 3% risk of failure)
Confirm with . or Enter, or press ? or * to list all spells.
Flames lash the orc priest.
The orc priest is moderately wounded.
The orc priest's fire resistance burns away.
The orc wizard barely misses you.
Casting: Scorch (safe; 2% risk of failure)
Confirm with . or Enter, or press ? or * to list all spells.
You conjure some foxfire!
The orc wizard barely misses you.
The orc priest hits you with a +0 dagger.
* * * LOW HITPOINT WARNING * * *
Casting: Foxfire (safe; 3% risk of failure)
Confirm with . or Enter, or press ? or * to list all spells.
Flames lash the orc priest.
The orc priest is burned terribly!
The orc priest is almost dead.
The foxfire hits the orc priest but does no damage.
The orc priest is almost dead.
The orc priest mumbles some strange prayers to Beogh against you.
You struggle to resist.
The orc wizard gestures at you while chanting.
The puff of flame hits you!
* * * LOW HITPOINT WARNING * * *
Casting: Scorch (safe; 2% risk of failure)
Confirm with . or Enter, or press ? or * to list all spells.
Flames lash the orc priest.
The orc priest is burned terribly!
You kill the orc priest!
The orc wizard hits you with a +0 dagger.
You die...

,* * *#.##,** * * , ...
.## #.# *.. #
########.###.##.
#.............. *
#.###)#..#...# *
#.....#..#.).# ,
##.....#.§#o..#..#
##........v@))....#
#.........§)†.._..#
######.#.#...#......#..#
.....>...#.$.#...../# #
######.#.....#......#
#.#..(..........,
#..............##
################


You could see an orc wizard (ally target).

Vanquished Creatures
  An orc priest (D:3)
  5 adders (D:2)
  A dart slug (D:2)
  11 orcs
  8 endoplasms
  2 giant cockroaches (D:1)
  7 goblins
  4 hobgoblins
  3 kobolds
  8 ball pythons
  A frilled lizard (D:1)
  3 rats
54 creatures vanquished.

Vanquished Creatures (others)
  79 foxfires
79 creatures vanquished.

Grand Total: 133 creatures vanquished

Notes
Turn   | Place    | Note
-------+----------+-------------------------------------------
     0 | D:1      | hawla the Meteoran Fire Elementalist began the quest for
                  | the Orb.
     0 | D:1      | Reached XP level 1. HP: 14/14 MP: 5/5
    35 | D:1      | Reached XP level 2. HP: 20/20 MP: 2/6
    38 | D:1      | Learned a level 2 spell: Scorch
    74 | D:1      | Reached skill level 4 in Fire Magic
    79 | D:1      | Found Vuumican's Book Shop.
   348 | D:1      | Reached XP level 3. HP: 26/26 MP: 4/8
   500 | D:1      | Glimpsed the power of Zot.
   548 | D:2      | Reached skill level 1 in Staves
   548 | D:2      | Reached XP level 4. HP: 33/33 MP: 1/9
   599 | D:2      | Reached skill level 5 in Fire Magic
   771 | D:2      | Reached XP level 5. HP: 38/38 MP: 7/11
  1120 | D:3      | Learned a level 4 spell: Flame Wave
  1188 | D:3      | Found a radiant altar of Vehumet.
  1343 | D:3      | Found a faded altar of an unknown god.
  1353 | D:3      | HP: 1/38 [orc wizard/puff of flame (9)]
  1354 | D:3      | Slain by an orc wizard

Illustrated notes

Levels and vault maps discovered:
D:1:      psy_arrival_dodecagon, layout_basic, serial_shops, shop,
          grunt_decor_mini_mirrors, hex_tiny, minivault_25
D:2:      layout_basic
D:3:      layout_loops_ring, nicolae_vehumet_radiance,
          hellmonk_ecumenical_altar_lost_god, cheibrodos_gnoll_hut

Skill      XL: |  1  2  3  4  5 |
---------------+----------------+-----
Spellcasting   | 3 |  3.7
Fire Magic     | 4 5 |  5.3
Staves         | 1 |  1.1
Conjurations   | 2 |  2.1
Fighting       | |  0.1
Dodging        | |  2.7
Stealth        | |  1.4
Shields        | |  0.2

Action                   |  1- 3 |  4- 6 || total
-------------------------+-------+-------++-------
Melee: Unarmed           |     2 |       ||     2
       Quarterstaff      |     1 |    12 ||    13
 Cast: Foxfire           |    23 |    24 ||    47
       Scorch            |     9 |    20 ||    29
  Use: Scroll            |     2 |     4 ||     6
       Potion            |       |     3 ||     3
Armor: Robe              |       |     5 ||     5
Dodge: Dodged            |     2 |    20 ||    22
Block: Other             |       |    10 ||    10
